 Dungeon Sprint DCSS version 0.23.1 (webtiles) character file.

Game seed: 14134354215937015430

2300000 Dai1001 the God of Death (level 16, -18/132 HPs)
             Began as a Demigod Necromancer on Mar 19, 2019.
             Demolished by a meat berserker
             ... wielding a +9 battleaxe
              (37 damage)
             ... in the Dungeon (Sprint VIII: "Arena of Blood").
             The game lasted 00:02:32 (23 turns).

Dai1001 the God of Death (Demigod Necromancer)        Turns: 23, Time: 00:02:33

Health: -18/132    AC:  2    Str: 15    XL:     16   Next: 26%
Magic:  9/44       EV: 27    Int: 25    God:
Gold:   0          SH:  0    Dex: 16    Spells: 50/51 levels left

rFire    . . .     SeeInvis .   b - +∞ Axe of Woe
rCold    . . .     Gourm    .   (shield currently unavailable)
rNeg     . . .     Faith    .   a - +0 robe
rPois    .         Spirit   .   (no helmet)
rElec    .         Reflect  .   (no cloak)
rCorr    .         Harm     .   (no gloves)
MR       +....     NoTele   +   (no boots)
Stlth    +++++++...             (no amulet)
HPRegen  0.32/turn              j - +30 ring of slaying
MPRegen  0.29/turn              k - +30 ring of slaying

@: very slightly contaminated
A: high mp 1
a: no special abilities


You were in the Dungeon.
You were not hungry.

You visited 1 branch

Inventory:

Hand Weapons
 b - the +∞ Axe of Woe (weapon)
   (You found it in the Dungeon)
Armour
 a - a +0 robe (worn)
Jewellery
 j - a +30 ring of slaying (left hand)
 k - a +30 ring of slaying (right hand)
Potions
 d - a potion of curing
 f - a potion of haste
 g - 2 potions of magic
 h - a potion of berserk rage
Comestibles
 c - a ration


   Skills:
 + Level 9.5 Fighting
 + Level 18.6 Axes
 + Level 19.4 Dodging
 + Level 18.5 Stealth
 + Level 18.2 Spellcasting
 O Level 27 Necromancy


You had 50 spell levels left.
You knew the following spells:

 Your Spells              Type           Power        Failure   Level  Hunger
a - Pain                  Necr           ####         0%          1    None

Your spell library contained the following spells:

 Spells                   Type           Power        Failure   Level  Hunger
 Animate Skeleton         Necr           N/A          0%          1    None
 Vampiric Draining        Necr           ########..   0%          3    None
 Animate Dead             Necr           N/A          0%          4    None
 Regeneration             Chrm/Necr      ######....   1%          3    None


Dungeon Overview and Level Annotations

Branches:
Dungeon (1/1)


Innate Abilities, Weirdness & Mutations

You have an increased reservoir of magic. (+10% MP)


Message History

You kill the bag of meat!
Your Fighting skill increases to level 9!
Your Axes skill increases to level 18!
Your Dodging skill increases to level 19!
Your Stealth skill increases to level 18!
Your Spellcasting skill increases to level 18!
You hear a shout! x2
The meat berserker rages.
You hear a shout! x7
The meat berserker rages.
A bag of meat comes into view. It is wielding a +9 war axe.
You hear a shout!
A bag of meat comes into view. It is wielding a +9 war axe. x2
You hear a shout! x5 2 orcs come into view.
You hear a shout!
The meat berserker rages.
You hear a shout! x7
The meat berserker hits you with a +9 battleaxe!!!
You die...

......#.............O
...............o....
.#.............o....
..#........#......o#
.....#.... #.....o.# .
o.#.....o###....)o.###..
......O.....o.###.......
......#.oo.Oo.._...o....
...#..@Oo..#.....#.....
#.....o....#_.<._#..o..
....#.......#.....#.....
......#........_........
.............o###.......
.........###.......###..
.......... #o......# .
.......... #.......# ..
...


You could see 3 meat berserkers and 10 bags of meat.

Vanquished Creatures
  A vampire knight (D)
  An ogre (D)
  6 orcs (D)
8 creatures vanquished.

Notes
Turn   | Place    | Note
-------+----------+-------------------------------------------
     0 | D        | Found the +∞ Axe of Woe
     0 | D        | Dai1001 the Demigod Necromancer began the quest for the
                  | Orb.
     0 | D        | Reached XP level 1. HP: 14/14 MP: 5/5
     3 | D        | Noticed a bag of meat
     5 | D        | Noticed a bag of meat
     6 | D        | Noticed a bag of meat
     7 | D        | Killed a bag of meat
     7 | D        | Reached skill level 21 in Necromancy
     7 | D        | Reached XP level 2. HP: 20/20 MP: 5/14
     7 | D        | Reached XP level 3. HP: 26/26 MP: 5/15
     7 | D        | Reached XP level 4. HP: 33/33 MP: 5/17
     7 | D        | Reached XP level 5. HP: 38/38 MP: 5/19
     7 | D        | Reached XP level 6. HP: 45/45 MP: 5/20
     7 | D        | Reached XP level 7. HP: 50/50 MP: 5/22
     7 | D        | Reached XP level 8. HP: 57/57 MP: 5/23
     7 | D        | Reached XP level 9. HP: 62/62 MP: 5/25
     7 | D        | Reached XP level 10. HP: 69/69 MP: 5/26
     7 | D        | Reached XP level 11. HP: 74/74 MP: 5/27
     8 | D        | Killed a bag of meat
     8 | D        | Reached skill level 24 in Necromancy
     8 | D        | Reached XP level 12. HP: 81/81 MP: 5/29
     8 | D        | Noticed a bag of meat
     8 | D        | Noticed a bag of meat
     8 | D        | Noticed a bag of meat
     9 | D        | Noticed a bag of meat
     9 | D        | Noticed a bag of meat
     9 | D        | Noticed a meat berserker
     9 | D        | Noticed a bag of meat
    10 | D        | Noticed a bag of meat
    11 | D        | Killed a bag of meat
    11 | D        | Reached skill level 10 in Dodging
    11 | D        | Reached skill level 10 in Spellcasting
    11 | D        | Reached skill level 26 in Necromancy
    11 | D        | Reached XP level 13. HP: 86/86 MP: 6/31
    11 | D        | Noticed a bag of meat
    11 | D        | Noticed a destroyer
    11 | D        | Noticed a bag of meat
    12 | D        | Killed a meat berserker
    12 | D        | Reached skill level 10 in Axes
    12 | D        | Reached skill level 27 in Necromancy
    12 | D        | Reached XP level 14. HP: 93/93 MP: 6/36
    12 | D        | Noticed a meat berserker
    20 | D        | Noticed a meat berserker
    21 | D        | Noticed a meat berserker
    22 | D        | Killed a destroyer
    22 | D        | Reached XP level 15. HP: 17/121 MP: 9/41
    22 | D        | Reached XP level 16. HP: 18/129 MP: 9/43
    23 | D        | Demolished by a meat berserker

Skill      XL: |  1  2  3  4  5  6  7  8  9 10 11 12 13 14 15 16 |
---------------+-------------------------------------------------+-----
Dodging        | 8 9 10 13 17 18 19 | 19.4
Stealth        | 7 9 13 17 18 | 18.5
Spellcasting   | 7 9 10 13 16 17 18 | 18.2
Necromancy     | 21 24 26 27 | 27.0
Axes           | 2 4 10 16 17 18 | 18.6
Fighting       | 7 8 9 |  9.5

Action                   |  1- 3 |  4- 6 |  7- 9 | 10-12 | 13-15 | 16-18 || total
-------------------------+-------+-------+-------+-------+-------+-------++-------
Melee: Executioner's axe |     1 |       |       |     2 |     3 |       ||     6
  Use: Scroll            |       |       |       |       |     1 |       ||     1
       Potion            |       |       |       |       |     1 |       ||     1
